 Dungeon Crawl Stone Soup version 0.29.1-2-gbd0b4ee654 (webtiles) character file.

Game seed: 3879986320514560024

74 GorkyZ the Poker (level 4, -3/34 HPs)
             Began as a Demonspawn Gladiator on Nov 20, 2022.
             Slain by Sigmund
             ... wielding a +0 scythe
              (11 damage)
             ... on level 4 of the Dungeon.
             The game lasted 00:04:00 (2196 turns).

GorkyZ the Poker (Demonspawn Gladiator)             Turns: 2196, Time: 00:04:01

Health: -3/34      AC:  3    Str: 16    XL:     4   Next: 9%
Magic:  4/4        EV: 12    Int: 10    God:
Gold:   85         SH:  0    Dex: 14    Spells: 3/3 levels left

rFire   . . .      SeeInvis .   a - +0 trident
rCold   . . .      Faith    .   (no shield)
rNeg    . . .      Spirit   .   b - +0 leather armour
rPois   .          Reflect  .   (helmet restricted)
rElec   .          Harm     .   (no cloak)
rCorr   .          Rampage  .   (no gloves)
Will    .....                   (no boots)
Stlth   +.........              (no amulet)
HPRegen 0.11/turn               (no ring)
MPRegen 0.09/turn               (no ring)

@: no status effects
A: horns 1, spiny 1
a: no special abilities


You were on level 4 of the Dungeon.
You visited 1 branch of the dungeon, and saw 4 of its levels.

You collected 85 gold pieces.

Inventory:

Hand Weapons
 a - a +0 trident (weapon)
Missiles
 d - a throwing net (quivered)
 e - a javelin
Armour
 b - a +0 leather armour (worn)
 c - a +0 helmet
Jewellery
 h - a ring of ice
Scrolls
 g - 2 scrolls of identify {unknown}
 j - a scroll of amnesia {unknown}
 k - a scroll of poison {unknown}
 l - 2 scrolls of brand weapon {unknown}
 n - a scroll of butterflies {unknown}
 o - a scroll of fear {unknown}
Potions
 f - a potion of brilliance {unknown}
 i - a potion of magic {unknown}
 m - a potion of curing {unknown}


   Skills:
 + Level 2.5 Fighting
 + Level 3.1 Polearms
 + Level 2.3 Throwing
 + Level 1.2 Armour
 + Level 3.1 Dodging


You had 3 spell levels left.
You didn't know any spells.
Your spell library contained the following spells:

 Spells                   Type           Power      Damage    Failure   Level
 Freeze                   Ice            0%         1d3       43%         1
 Necrotise                Necr           0%         1d4       43%         1
 Sting                    Tmut/Pois      0%         1d3       43%         1
 Summon Small Mammal      Summ           0%         N/A       43%         1
 Sublimation of Blood     Necr           0%         N/A       56%         2
 Wereblood                Tmut           0%         N/A       56%         2
 Call Canine Familiar     Summ           0%         N/A       80%         3
 Gell's Gravitas          Tloc           0%         N/A       80%         3
 Lesser Beckoning         Tloc           0%         N/A       80%         3
 Summon Guardian Golem    Hex/Summ       0%         N/A       80%         3
 Teleport Other           Tloc           0%         N/A       80%         3
 Dispersal                Tloc           0%         N/A       100%        6
 Summon Hydra             Summ           0%         N/A       100%        7
 Disjunction              Tloc           0%         N/A       100%        8


Dungeon Overview and Level Annotations

Branches:
Dungeon (4/15)
 Temple: D:4-7

Altars:

Shops:
D:3 =

Annotations:
D:4 Sigmund


Innate Abilities, Weirdness & Mutations

You have a pair of small horns on your head.
You are partially covered in sharp spines.


Message History

Aim: Ijyb, wielding a +0 club and wearing a +0 ring mail (almost dead, 57% to hit)
You throw a throwing net. The throwing net barely misses Ijyb.
Ijyb barely misses you.
Unknown command.
Unknown command.
Unknown command.
Throw: throwing net
Press: ? - help, Q - select action, (/) - cycle Shift-Dir - straight line, f/p - Ijyb
Aim: Ijyb, wielding a +0 club and wearing a +0 ring mail (almost dead, 57% to hit)
You throw a throwing net. The throwing net hits Ijyb.
Ijyb is caught in the net!
Ijyb is almost dead.
Ijyb struggles against the net.
You hit Ijyb but do no damage.
Ijyb is almost dead.
Ijyb struggles against the net.
You hit Ijyb.
You kill Ijyb!
You have reached level 4!
You feel clever.
Your demonic ancestry asserts itself...
Sharp spines emerge from parts of your body.
d - a throwing net
Things that are here:
a +0 club; a +0 ring mail; the goblin corpse of Ijyb HP restored.
As you open the door, it creaks loudly!
You hear a shout!
Sigmund the Dreaded comes into view.
He is wielding a +0 scythe.
Sigmund points at you and mumbles some strange words.
The magic dart hits you!
Sigmund points at you and mumbles some strange words.
The puff of flame hits you.
Sigmund points at you and mumbles some strange words.
The magic dart hits you!
Sigmund points at you and mumbles some strange words.
You resist with some effort. Sigmund casts a spell at you.
The magic dart hits you!
* * * LOW HITPOINT WARNING * * *
Sigmund hits you from afar with a +0 scythe!
You die...

#.#.. .. #.#.#
##.# #.#.##...#
#.#.#.@#.# #
#+.#.#.... #.
..#...##
#..+########'.#..#
#.......@.@.....#
#...########)...#
###..# ##...##
##... ##..###
#.###..## #..#..##
#...## #####
##...####.<.#
#.....##....#


You could see Sigmund.

Vanquished Creatures
  Ijyb (D:4)
  An adder (D:2)
  A worm (D:3)
  4 endoplasms
  2 giant cockroaches (D:1)
  3 hobgoblins
  6 jackals (D:1)
  A quokka (D:1)
  A ball python (D:1)
  3 bats
  2 frilled lizards (D:2)
  2 goblins (D:1)
  5 kobolds
  4 rats
36 creatures vanquished.

Notes
Turn   | Place    | Note
-------+----------+-------------------------------------------
     0 | D:1      | GorkyZ the Demonspawn Gladiator began the quest for the
                  | Orb.
     0 | D:1      | Reached XP level 1. HP: 16/16 MP: 1/1
   253 | D:1      | Discovered your monstrous ancestry.
   253 | D:1      | Gained mutation: You have a pair of small horns on your
                  | head. [demonic ancestry]
   253 | D:1      | Reached XP level 2. HP: 21/22 MP: 2/2
  1006 | D:2      | Reached XP level 3. HP: 28/28 MP: 3/3
  1449 | D:2      | Found a faded altar of an unknown god.
  1515 | D:2      | Reached skill level 1 in Armour
  1902 | D:3      | Found Votajupp's Jewellery Shoppe.
  1914 | D:3      | Got Witchery 101
  1976 | D:4      | Noticed Ijyb
  1990 | D:4      | Killed Ijyb
  1991 | D:4      | Gained mutation: You are partially covered in sharp spines.
                  | [demonic ancestry]
  1991 | D:4      | Reached XP level 4. HP: 13/34 MP: 4/4
  2180 | D:4      | Noticed Sigmund
  2196 | D:4      | Slain by Sigmund

Illustrated notes

Levels and vault maps discovered:
D:1:      tarquinn_simple_flora_water_b, layout_basic
D:2:      layout_loops_ring, hellmonk_ecumenical_altar_inner_sanctum,
          minmay_misc_feat_roman, patterned_corridor
D:3:      layout_loops_cross, serial_shops, nicolae_lakefront_shop
D:4:      layout_layer_cave, mainiacjoe_overflow_tiny_flanked, minivault_11,
          dreamdust_wishing_well, minmay_misc_feat_cross,
          nicolae_concentric_dashed_squares_wild, minmay_divided_ellipse,
          uniq_natasha, uniq_sigmund, uniq_edmund, uniq_ijyb

Skill      XL: |  1  2  3 |
---------------+----------+-----
Throwing       | 2 |  2.3
Dodging        | 3 |  3.1
Polearms       | 3 |  3.1
Armour         | 1 |  1.2
Fighting       | |  2.5

Action                   |  1- 3 |  4- 6 || total
-------------------------+-------+-------++-------
Melee: Trident           |   124 |       ||   124
       Headbutt          |     6 |       ||     6
       Punch             |     2 |       ||     2
Throw: Throwing net      |     3 |       ||     3
 Stab: Distracted        |     1 |       ||     1
       Sleeping          |     2 |       ||     2
Armor: Leather armour    |    24 |       ||    24
Dodge: Dodged            |    67 |       ||    67
